Map: Lightshade LE

Players

Cheater 1 (Resources)

  • Race: Zerg Zerg
  • Spawn Location: 11:00

Infernox - Winner!

  • Race: Terran Terran
  • Spawn Location: 5:00

VOD

Have the link to the VOD?

Description

Time

  • Played on: Dec. 28, 2020, 10:36 p.m.
  • Length: 10:08
Show
View Real Time Build Order
Export as new Build Order

Cheater 1 (Resources) Zerg 

Build Orders: Hatch First, Muta Ling Bane, Zergling Baneling 

Get SALT Encoding   

  12  0:00  Drone  
  13  0:12  Overlord  
  13  0:16  Drone  
  14  0:31  Drone x2  
  14  0:34  Drone  
  17  0:54  Hatchery  
  17  0:56  Drone  
  17  1:10  Spawning Pool  
  16  1:12  Drone  
  16  1:15  Extractor  
  16  1:18  Drone  
  17  1:22  Extractor, Drone  
  17  1:28  Drone  
  18  1:38  Drone  
  19  1:49  Overlord  
  19  1:59  Queen  
  19  2:00  Zergling x2  
  22  2:05  Queen  
  24  2:09  Drone  
  25  2:17  Drone  
  25  2:20  Drone  
  27  2:24  Drone  
  28  2:36  Lair  
  28  2:38  Zergling x2  
  28  2:42  Zergling x2  
  30  2:45  Drone  
  30  2:48  Drone  
  32  2:52  Drone  
  32  2:54  Zergling x2  
  34  2:59  Zergling x2  
  34  3:04  Zergling x2  
  36  3:07  Overlord  
  36  3:14  Baneling Nest  
  36  3:15  Drone  
  36  3:27  Drone  
  36  3:32  Drone  
  36  3:33  Drone  
  39  3:36  Drone  
  39  3:38  Drone, Spire  
  40  3:41  Drone  
  40  3:44  Drone  
  42  3:49  Overlord  
  42  3:58  Baneling x2  
  42  3:59  Baneling x2, Zergling x2  
  42  4:00  Baneling x2  
  42  4:01  Zergling x2  
  44  4:06  Baneling  
  44  4:07  Baneling, Zergling x4  
  46  4:10  Overlord  
  46  4:29  Overlord  
  46  4:30  Zergling x2  
  47  4:32  Zergling x2  
  47  4:34  Zergling x2  
  49  4:42  Roach Warren  
  49  4:44  Hydralisk Den  
  47  4:47  Extractor  
  47  4:49  Drone  
  47  4:50  Extractor  
  47  4:51  Drone, Mutalisk x3  
  47  4:52  Drone  
  54  4:55  Drone  
  54  4:57  Drone  
  54  4:59  Drone  
  57  5:02  Overlord  
  57  5:05  Drone  
  57  5:06  Drone  
  59  5:08  Drone  
  59  5:10  Drone  
  59  5:12  Drone  
  59  5:13  Hydralisk  
  64  5:15  Hydralisk  
  64  5:20  Drone  
  67  5:22  Overlord  
  67  5:23  Roach  
  67  5:25  Roach  
  73  5:28  Roach  
  73  5:31  Roach  
  75  5:40  Overlord  
  75  5:41  Roach x2  
  80  5:42  Drone  
  80  5:45  Drone x3  
  83  5:50  Drone  
  84  5:58  Drone  
  84  5:59  Roach  
  84  6:00  Overlord  
  84  6:01  Infestation Pit  
  84  6:02  Drone  
  84  6:03  Drone  
  88  6:09  Drone  
  89  6:14  Drone  
  90  6:18  Overlord, Drone, Roach  
  90  6:20  Drone  
  90  6:23  Roach, Drone  
  97  6:27  Centrifical Hooks  
  97  6:28  Metabolic Boost  
  97  6:30  Roach  
  95  6:35  Evolution Chamber  
  95  6:36  Drone, Overseer  
  95  6:38  Zergling x2  
  95  6:39  Infestor  
  88  6:45  Zergling x2  
  78  6:47  Hydralisk  
  78  6:49  Roach  
  78  6:50  Hydralisk  
  78  6:53  Roach  
  79  6:55  Roach  
  79  6:57  Roach  
  79  6:59  Infestor  
  85  7:01  Zerg Melee Weapons Level 1  
  85  7:03  Baneling x2  
  85  7:04  Zergling x2  
  85  7:07  Mutalisk  
  88  7:12  Baneling x2, Zergling x2  
  88  7:13  Hatchery  
  88  7:16  Mutalisk  
  88  7:22  Mutalisk  
  92  7:24  Evolution Chamber  
  92  7:26  Baneling x2, Zergling x2  
  92  7:33  Baneling  
  92  7:34  Baneling, Zergling x2  
  93  7:39  Hatchery  
  93  7:40  Drone  
  93  7:46  Overlord  
  93  7:48  Overseer  
  93  7:49  Drone, Spine Crawler  
  92  7:52  Zergling x2  
  92  7:56  Roach x3  
  92  7:58  Roach  
  77  8:03  Zergling x2  
  69  8:05  Roach  
  69  8:07  Roach  
  69  8:09  Hydralisk  
  69  8:12  Baneling, Hydralisk  
  75  8:13  Baneling  
  75  8:14  Zergling x2  
  75  8:18  Roach  
  77  8:20  Overseer  
  77  8:21  Roach  
  77  8:23  Roach  
  77  8:24  Roach  
  77  8:25  Zergling x2  
  72  8:29  Zergling x4  
  72  8:30  Roach  
  72  8:33  Roach  
  73  8:39  Hydralisk  
  58  8:50  Baneling x2, Zergling x2  
  46  9:01  Zergling x2, Roach  
  46  9:02  Drone  
  36  9:03  Roach  
  35  9:13  Roach  
  31  9:23  Hydralisk  
  23  9:34  Zergling x2, Drone  
  23  9:35  Hydralisk Den, Roach  
  23  9:36  Roach  
  26  9:44  Overseer  
Show
View Real Time Build Order
Export as new Build Order

Infernox Terran - Winner!

Build Orders: Command Center First (CC) 

Get SALT Encoding   

  12  0:00  SCV  
  13  0:12  SCV  
  14  0:16  Supply Depot  
  14  0:24  SCV  
  15  0:38  SCV  
  16  0:50  SCV  
  17  0:59  Command Center  
  17  1:02  SCV  
  18  1:06  Refinery  
  18  1:14  SCV  
  19  1:20  Barracks  
  19  1:26  SCV  
  20  1:37  Barracks  
  20  1:39  SCV  
  21  1:51  SCV  
  22  2:07  Orbital Command, Marine  
  23  2:10  Orbital Command  
  23  2:25  Factory, Marine  
  23  2:27  Barracks Reactor  
  24  2:32  SCV  
  24  2:35  SCV  
  26  2:43  Marine  
  27  2:45  SCV  
  27  2:48  SCV  
  29  2:54  Command Center  
  29  2:59  SCV  
  29  3:01  Supply Depot  
  29  3:02  Barracks Tech Lab  
  31  3:05  SCV  
  31  3:11  Barracks Reactor, SCV  
  32  3:16  Hellion x2  
  32  3:18  SCV  
  37  3:23  Supply Depot  
  37  3:25  Marine  
  38  3:29  SCV  
  38  3:30  SCV  
  38  3:32  Stimpack  
  40  3:39  Hellion x2  
  40  3:41  SCV  
  45  3:42  SCV  
  45  3:46  Refinery, Supply Depot  
  46  3:49  Refinery  
  46  3:53  Marine x3  
  49  3:57  SCV x2  
  51  4:06  Orbital Command  
  51  4:07  Hellion  
  51  4:09  SCV x2  
  55  4:12  Starport  
  55  4:14  Marine x2  
  55  4:15  Marine  
  58  4:21  SCV x2  
  60  4:26  Barracks  
  60  4:29  Hellion  
  62  4:31  SCV  
  62  4:33  SCV x2  
  62  4:34  Marine  
  62  4:35  Marine x2  
  68  4:39  Supply Depot  
  68  4:44  Engineering Bay  
  68  4:46  Engineering Bay  
  68  4:50  Medivac x2  
  72  4:53  Orbital Command, Factory Reactor  
  72  4:54  Marine  
  72  4:55  Marine  
  72  4:56  Marine  
  72  4:57  SCV  
  72  4:59  SCV  
  77  5:10  SCV  
  77  5:11  Marine  
  77  5:12  SCV  
  77  5:13  Marine  
  77  5:14  Terran Infantry Weapons Level 1, Marine, Terran Infantry Armor Level 1  
  81  5:16  Barracks Reactor  
  81  5:21  SCV, Supply Depot  
  82  5:23  Supply Depot  
  82  5:25  Refinery  
  83  5:29  SCV x2  
  85  5:36  Barracks  
  85  5:37  Combat Shield  
  85  5:38  Barracks  
  85  5:42  Marine x3, Widow Mine x2  
  92  5:43  SCV  
  92  5:44  SCV  
  92  5:49  Armory  
  94  5:52  Supply Depot  
  94  5:53  Supply Depot  
  94  5:57  Marine x2  
  94  5:58  Medivac  
  94  5:59  SCV x3  
  94  6:03  Supply Depot  
  101  6:14  SCV x2, Marine x3, Widow Mine  
  101  6:15  Marine  
  101  6:16  Supply Depot  
  101  6:17  Supply Depot  
  101  6:18  Marine  
  110  6:19  SCV, Widow Mine  
  110  6:23  Refinery  
  113  6:26  SCV x2  
  107  6:33  Barracks Reactor, Marine  
  107  6:34  Barracks Tech Lab  
  107  6:35  Marine x3  
  107  6:36  Medivac x2, Widow Mine  
  107  6:38  SCV x2  
  113  6:48  SCV  
  113  6:50  SCV  
  113  6:52  Marine x3  
  113  6:53  Widow Mine  
  119  6:56  Supply Depot  
  119  6:57  Supply Depot  
  119  6:58  Marine, Supply Depot  
  119  6:59  Marine x2  
  119  7:01  Concussive Shells  
  119  7:03  Terran Vehicle And Ship Armor Level 1  
  119  7:05  SCV x2  
  121  7:09  Marine x2  
  121  7:10  Refinery, Marine  
  121  7:11  Terran Infantry Weapons Level 2  
  121  7:12  Command Center  
  121  7:14  Marine  
  121  7:15  Marine  
  125  7:16  Marine  
  125  7:18  SCV x3  
  130  7:22  Terran Infantry Armor Level 2  
  130  7:23  Marine  
  130  7:24  Widow Mine  
  133  7:30  SCV  
  133  7:32  Marine x4, Marauder  
  133  7:33  Widow Mine  
  133  7:34  Medivac  
  144  7:40  SCV x2, Marine x2  
  144  7:41  Marine  
  149  7:47  SCV, Widow Mine  
  149  7:49  Marine x2  
  154  7:54  Marauder  
  154  7:58  Marine x3, Medivac  
  151  7:59  Marauder, Widow Mine  
  151  8:01  Supply Depot  
  158  8:06  Supply Depot  
  158  8:07  Supply Depot  
  158  8:08  Barracks  
  158  8:10  Factory  
  158  8:13  Barracks x2  
  158  8:15  Marauder  
  159  8:20  Marine  
  159  8:21  Marine x3, Marauder  
  159  8:23  Widow Mine  
  167  8:30  Marine  
  167  8:31  Marine, Medivac x2  
  167  8:32  SCV x2, Widow Mine  
  177  8:36  Marauder  
  177  8:38  Marine  
  175  8:42  Marauder  
  175  8:43  Armory  
  175  8:46  SCV x3  
  180  8:51  Starport, Marine x2  
  180  8:52  Marine, Widow Mine  
  185  8:56  Barracks Tech Lab  
  185  8:57  Factory Tech Lab  
  185  8:58  Marauder  
  185  9:01  Barracks Reactor, Medivac  
  185  9:02  Barracks Tech Lab  
  188  9:04  Marauder  
  188  9:08  Marine x3  
  188  9:09  Medivac, Widow Mine  
  196  9:11  Planetary Fortress  
  196  9:13  Refinery  
  196  9:15  Refinery  
  196  9:19  Marauder  
  196  9:25  Marine x2, Marauder  
  196  9:26  Marauder  
  200  9:32  Command Center  
  200  9:34  Command Center  
  199  9:40  SCV  
  199  9:42  Starport Reactor  
Tags
 
Add a new tag
Caveats
  • Supply blocks, unpowered buildings, or Contaminate may cause inaccurate times.
  • Supply counts are checked every 10 seconds.